 Dungeon Crawl Stone Soup version 0.24.1-1-gd1d2a07e1b (webtiles) character file.

Game seed: 16084665068933718147, levelgen mode: deterministic

34 Descartes the Digger (level 3, -3/24 HPs)
             Began as a Formicid Earth Elementalist on Apr 11, 2020.
             Killed by divine providence
             ... invoked by an orc priest
              (8 damage)
             ... on level 3 of the Dungeon.
             The game lasted 00:04:46 (1869 turns).

Descartes the Digger (Formicid Earth Elementalist)  Turns: 1869, Time: 00:04:47

Health: -3/24      AC:  6    Str: 13    XL:     3   Next: 50%
Magic:  7/7        EV:  8    Int: 14    God:
Gold:   103        SH:  3    Dex: 11    Spells: 6/7 levels left

rFire    . . .     SeeInvis +   u - +2 dagger (drain)
rCold    . . .     Gourm    .   (no shield)
rNeg     . . .     Faith    .   m - +0 scale mail
rPois    .         Spirit   .   (helmet unavailable)
rElec    .         Reflect  +   (no cloak)
rCorr    .         Harm     .   (no gloves)
MR       .....                  (no boots)
Stlth    ..........             f - +3 amulet of reflection
HPRegen  0.08/turn              (no ring)
MPRegen  0.10/turn              (no ring)

@: extremely drained
A: permanent stasis, dig shafts and tunnels, four strong arms, antennae 3
a: Dig, Shaft Self


You were on level 3 of the Dungeon.
You were not hungry.

You visited 1 branch of the dungeon, and saw 3 of its levels.

You collected 103 gold pieces.

Inventory:

Hand Weapons
 j - a +0 dagger
 u - a +2 dagger of draining (weapon)
Missiles
 b - 89 stones (quivered)
 g - 65 arrows
 h - 2 throwing nets
 i - 14 poisoned darts
 l - 7 atropa-tipped darts
 x - 18 bolts
Armour
 c - a +0 robe
 m - a +0 scale mail (worn)
Jewellery
 f - a +3 amulet of reflection (around neck)
 q - an uncursed ring of see invisible {unknown}
Scrolls
 a - 2 scrolls of identify {unknown}
 e - a scroll of fear {unknown}
 n - 3 scrolls of remove curse {unknown}
 r - a scroll of noise {unknown}
 s - 2 scrolls of teleportation {unknown}
 t - a scroll of blinking {unknown}
Potions
 k - a potion of curing {unknown}
 o - a potion of brilliance {unknown}
 p - a potion of agility {unknown}
 w - a potion of mutation {unknown}
Comestibles
 d - 2 rations
 v - 3 chunks of flesh


   Skills:
 + Level 1.5(0.0) Armour
 - Level 1.7(0.0) Dodging
 - Level 2.4(0.0) Stealth
 + Level 2.8(0.0) Spellcasting
   Level 1.1(0.0) Transmutations
 + Level 4.2(0.0) Earth Magic


You had 6 spell levels left.
You knew the following spells:

 Your Spells              Type           Power        Failure   Level  Hunger
a - Sandblast             Erth           #.....       82%         1    ##.....

Your spell library contained the following spells:

 Spells                   Type           Power        Failure   Level  Hunger
 Passwall                 Tmut/Erth      #.......     91%         2    ###....
 Stone Arrow              Conj/Erth      #.....       99%         3    ####...
 Petrify                  Tmut/Erth      #.......     100%        4    #####..
 Lee's Rapid Deconstruct  Erth           #.........   100%        5    ######.


Dungeon Overview and Level Annotations

Branches:
Dungeon (3/15)

Altars:


Innate Abilities, Weirdness & Mutations

You cannot be hasted, slowed, berserked, paralysed or teleported.
You can dig through walls and to a lower floor.
Your four strong arms can wield two-handed weapons with a shield.
You have a pair of large antennae on your head. (SInv)


Message History

You closely miss the orc.
The orc is almost dead.
The orc priest hits you from afar with a +0 trident.
The orc barely misses you.
You are too injured to fight recklessly!
You are too injured to fight recklessly!
You are too injured to fight recklessly!
You hit the orc.
You kill the orc!
The orc priest hits you from afar with a +0 trident.
The orc priest hits you with a +0 trident.
* * * LOW HITPOINT WARNING * * *
Things that are here:
a +0 dagger x2; a +0 ring mail You closely miss the orc priest.
The orc priest hits you but does no damage.
You barely miss the orc priest.
The orc priest invokes the aid of Beogh against you.
Beogh smites you!
You die...

######## ###
#......# ### #..
#.####.# ##.## #.#
#.####.###...###.#
#.#...........##.#
#@#.##.###.......#
#o# #.# ##.######
#J# #.# #.# .g(
..# #.# ... ###
#+# ..### .. #.# {
{ ##


You could see an orc priest, an ooze and a hobgoblin.

Vanquished Creatures
  A dart slug (D:2)
  A leopard gecko (D:1)
  2 orcs (D:3)
  2 giant cockroaches (D:1)
  A goblin (D:1)
  5 hobgoblins (D:1)
  4 kobolds
  4 bats
  3 frilled lizards
  4 rats
27 creatures vanquished.

Notes
Turn   | Place    | Note
-------+----------+-------------------------------------------
     0 | D:1      | Descartes the Formicid Earth Elementalist began the quest
                  | for the Orb.
     0 | D:1      | Reached XP level 1. HP: 13/13 MP: 3/3
   222 | D:1      | Reached XP level 2. HP: 19/19 MP: 0/5
   586 | D:1      | Reached skill level 1 in Armour
   894 | D:1      | Reached skill level 4 in Earth Magic
   988 | D:1      | You fall into a shaft and drop 1 floor!
  1137 | D:1      | Reached XP level 3. HP: 24/24 MP: 7/7
  1869 | D:3      | Killed from afar by an orc priest

Levels and vault maps discovered:
D:1:      lightli_arrival_lavapool, layout_basic
D:2:      layout_rooms
D:3:      layout_loops_corners, marbit_many_paths, st_stairs_9

Skill      XL: |  1  2 |
---------------+-------+-----
Armour         | 1 |  1.5
Earth Magic    | 4 |  4.2
Dodging        | |  1.7
Stealth        | |  2.4
Spellcasting   | |  2.8
Transmutations | |  1.1

Action                   || total
-------------------------++-------
Melee: Unarmed           ||    20
       Dagger            ||   106
 Cast: Sandblast         ||    17
 Stab: Sleeping          ||     2
  Eat: Chunk             ||     1
       Ration            ||     1
Armor: Robe              ||     7
       Scale mail        ||    33
Dodge: Dodged            ||    83
Block: Other             ||     9
       Reflection        ||     1
